3576 views
Uploaded 2020-05-13 11:18:44
Game version 1.32.4 / 1.32.5
46:01 long 2on2 ladder game on (4)PhantomGrove_LV
Saved by NICKTHEBOT
3576 views
Uploaded 2020-05-13 11:18:44
Game version 1.32.4 / 1.32.5
46:01 long 2on2 ladder game on (4)PhantomGrove_LV


143 units @ 23.9k
/ 4.3k
43 buildings @ 7.2k
/ 3.3k



| Rod of Necromancy | 3 | 450 |
| Orb of Corruption | 3 | 1125 |
| Potion of Healing | 5 | 750 |
| Potion of Mana | 1 | 200 |
| Lesser Clarity Potion | 1 | 70 |
| Scroll of Town Portal | 4 | 1400 |
| Scroll of Healing | 1 | 250 |
| Potion of Lesser Invulnerability | 2 | 300 |
| Healing Salve | 1 | 100 |
| total: | 21 | 4645g |
| Acolyte | 30 | 2250 | / | 0 |
| Ghoul | 5 | 600 | / | 0 |
| Crypt Fiend | 15 | 3225 | / | 600 |
| Obsidian Statue | 4 | 800 | / | 140 |
| Frost Wyrm | 15 | 5775 | / | 1800 |
| total: | 69 | 12650g | / | 2540w |
| Nerubian Tower | 2 | 200 | / | 40 |
| Graveyard | 1 | 215 | / | 0 |
| Crypt | 1 | 200 | / | 50 |
| Ziggurat | 8 | 1200 | / | 400 |
| Altar of Darkness | 1 | 180 | / | 50 |
| Tomb of Relics | 1 | 130 | / | 30 |
| Necropolis | 1 | 225 | / | 0 |
| Sacrificial Pit | 1 | 75 | / | 150 |
| Slaughterhouse | 1 | 140 | / | 135 |
| Boneyard | 2 | 350 | / | 400 |
| Halls of the Dead | 2 | 640 | / | 420 |
| Black Citadel | 1 | 325 | / | 230 |
| total: | 17 | 2715g | / | 1215w |
| 0:02 | Acolyte |
| 0:08 | Graveyard |
| 0:10 | Crypt |
| 0:19 | Acolyte |
| 0:19 | Acolyte |
| 0:39 | Ziggurat |
| 0:57 | Altar of Darkness |
| 1:13 | Ghoul |
| 1:21 | Ghoul |
| 1:22 | Ghoul |
| 1:37 | Ziggurat |
| 1:55 | Tomb of Relics |
| 2:13 | Crypt Fiend |
| 2:14 | Crypt Fiend |
| 2:39 | Ghoul |
| 2:42 | Crypt Fiend |
| 3:03 | Rod of Necromancy |
| 3:11 | Crypt Fiend |
| 3:12 | Crypt Fiend |
| 3:14 | Death Coil |
| 3:44 | Halls of the Dead |
| 4:12 | Rod of Necromancy |
| 4:20 | Crypt Fiend |
| 4:39 | Unholy Aura |
| 4:45 | Ziggurat |
| 4:47 | Creature Attack |
| 5:09 | Ziggurat |
| 5:24 | Ghoul |
| 5:36 | Death Coil |
| 6:36 | Black Citadel |
| 7:07 | Burrow |
| 7:11 | Sacrificial Pit |
| 7:32 | Slaughterhouse |
| 8:47 | Obsidian Statue |
| 9:15 | Crypt Fiend |
| 9:17 | Obsidian Statue |
| 9:20 | Rod of Necromancy |
| 9:22 | Orb of Corruption |
| 9:37 | Acolyte |
| 9:40 | Frost Nova |
| 10:12 | Cleaving Attack |
| 10:27 | Potion of Lesser Invulnerability |
| 11:04 | Necropolis |
| 12:24 | Ziggurat |
| 12:25 | Ziggurat |
| 12:39 | Scroll of Town Portal |
| 12:40 | Potion of Healing |
| 12:42 | Potion of Healing |
| 12:46 | Acolyte |
| 13:12 | Acolyte |
| 13:13 | Acolyte |
| 13:13 | Acolyte |
| 13:47 | Nerubian Tower |
| 13:49 | Howl of Terror |
| 13:51 | Boneyard |
| 13:54 | Boneyard |
| 15:13 | Scroll of Town Portal |
| 15:19 | Improved Creature Attack |
| 15:20 | Creature Carapace |
| 15:23 | Web |
| 15:34 | Acolyte |
| 16:07 | Frost Wyrm |
| 16:09 | Dark Ritual |
| 16:18 | Orb of Corruption |
| 16:18 | Orb of Corruption |
| 16:58 | Unholy Aura |
| 17:07 | Potion of Mana |
| 17:11 | Potion of Healing |
| 17:17 | Frost Wyrm |
| 17:17 | Freezing Breath |
| 18:06 | Improved Creature Carapace |
| 19:03 | Frost Wyrm |
| 19:07 | Cleaving Attack |
| 19:58 | Frost Wyrm |
| 20:21 | Potion of Healing |
| 20:31 | Advanced Creature Attack |
| 20:32 | Advanced Creature Carapace |
| 21:34 | Crypt Fiend |
| 22:00 | Potion of Lesser Invulnerability |
| 23:13 | Frost Nova |
| 23:27 | Frost Wyrm |
| 23:27 | Frost Wyrm |
| 24:05 | Frost Wyrm |
| 24:10 | Acolyte |
| 24:11 | Acolyte |
| 24:11 | Acolyte |
| 25:12 | Acolyte |
| 25:12 | Acolyte |
| 25:14 | Acolyte |
| 25:14 | Acolyte |
| 25:14 | Acolyte |
| 25:14 | Acolyte |
| 25:50 | Obsidian Statue |
| 25:59 | Destroyer Form |
| 26:35 | Scroll of Town Portal |
| 26:46 | Frost Wyrm |
| 27:22 | Acolyte |
| 27:23 | Acolyte |
| 27:23 | Acolyte |
| 27:23 | Acolyte |
| 27:24 | Acolyte |
| 28:00 | Acolyte |
| 28:01 | Acolyte |
| 28:28 | Obsidian Statue |
| 29:27 | Crypt Fiend |
| 29:27 | Crypt Fiend |
| 29:28 | Crypt Fiend |
| 29:30 | Scroll of Town Portal |
| 29:32 | Scroll of Healing |
| 30:01 | Acolyte |
| 30:01 | Acolyte |
| 30:03 | Acolyte |
| 30:42 | Crypt Fiend |
| 30:42 | Crypt Fiend |
| 32:07 | Death Coil |
| 32:10 | Frost Wyrm |
| 32:10 | Frost Wyrm |
| 32:13 | Crypt Fiend |
| 32:13 | Crypt Fiend |
| 32:43 | Potion of Healing |
| 34:09 | Howl of Terror |
| 34:11 | Ziggurat |
| 34:12 | Ziggurat |
| 35:53 | Frost Wyrm |
| 35:53 | Frost Wyrm |
| 36:18 | Dark Ritual |
| 36:47 | Nerubian Tower |
| 37:35 | Frost Wyrm |
| 37:48 | Healing Salve |
| 37:50 | Lesser Clarity Potion |
| 39:54 | Frost Wyrm |
| 40:35 | Frost Wyrm |
| 40:36 | Acolyte |
| 41:53 | Acolyte |
| 43:14 | Unholy Aura |
| 43:15 | Frost Nova |
| 43:16 | Cleaving Attack |
| Right click | 1680 |
| Select group | 1120 |
| Select | 873 |
| Build/train/purchase | 189 |
| Misc. action | 163 |
| Use ability | 131 |
| Assign group | 56 |
| Item give/drop | 7 |
| Minimap ping | 6 |
| Remove unit | 2 |

| Healing Salve | 12 | 1200 |
| Lesser Clarity Potion | 4 | 280 |
| Scroll of Speed | 4 | 200 |
| Orb of Lightning | 1 | 375 |
| Tiny Great Hall | 1 | 600 |
| Scroll of Town Portal | 4 | 1400 |
| total: | 26 | 4055g |
| Peon | 9 | 675 | / | 0 |
| Grunt | 6 | 1200 | / | 0 |
| Demolisher | 8 | 1760 | / | 400 |
| Troll Batrider | 12 | 1920 | / | 480 |
| Wind Rider | 3 | 795 | / | 120 |
| Troll Headhunter | 3 | 420 | / | 60 |
| Troll Berserker | 16 | 2240 | / | 320 |
| Shaman | 17 | 2210 | / | 340 |
| total: | 74 | 11220g | / | 1720w |
| Watch Tower | 9 | 990 | / | 720 |
| Altar of Storms | 1 | 180 | / | 50 |
| Orc Burrow | 5 | 800 | / | 200 |
| Barracks | 2 | 360 | / | 100 |
| Voodoo Lounge | 1 | 130 | / | 30 |
| War Mill | 2 | 410 | / | 0 |
| Great Hall | 3 | 1155 | / | 555 |
| Beastiary | 2 | 290 | / | 280 |
| Spirit Lodge | 1 | 150 | / | 150 |
| Stronghold | 1 | 315 | / | 190 |
| Fortress | 1 | 325 | / | 190 |
| total: | 26 | 4465g | / | 2085w |
| 0:05 | Peon |
| 0:05 | Peon |
| 0:09 | Altar of Storms |
| 0:23 | Orc Burrow |
| 0:41 | Peon |
| 0:41 | Peon |
| 0:47 | Barracks |
| 1:00 | Peon |
| 1:20 | Peon |
| 1:30 | Orc Burrow |
| 1:48 | Grunt |
| 1:48 | Grunt |
| 1:54 | Voodoo Lounge |
| 1:59 | Peon |
| 2:13 | War Stomp |
| 2:16 | Grunt |
| 2:46 | Stronghold |
| 3:09 | Grunt |
| 3:55 | Grunt |
| 3:57 | War Mill |
| 4:17 | Healing Salve |
| 4:18 | Lesser Clarity Potion |
| 4:19 | Scroll of Speed |
| 4:33 | Barracks |
| 4:36 | Orc Burrow |
| 4:39 | War Mill |
| 5:07 | Berserker Strength |
| 5:10 | Orc Burrow |
| 5:32 | Endurance Aura |
| 5:57 | Demolisher |
| 6:01 | Steel Ranged Weapons |
| 6:11 | Healing Salve |
| 6:14 | Lesser Clarity Potion |
| 6:18 | Lesser Clarity Potion |
| 6:28 | Healing Salve |
| 6:46 | Endurance Aura |
| 7:05 | Reinforced Defenses |
| 7:36 | Demolisher |
| 7:45 | Scroll of Speed |
| 7:45 | Scroll of Speed |
| 7:50 | Healing Salve |
| 7:50 | Healing Salve |
| 8:08 | Thorium Ranged Weapons |
| 8:15 | Demolisher |
| 8:15 | Demolisher |
| 8:19 | Spiked Barricades |
| 8:51 | Demolisher |
| 9:43 | Grunt |
| 9:52 | Arcanite Ranged Weapons |
| 10:10 | Scroll of Speed |
| 10:12 | Healing Salve |
| 11:15 | Demolisher |
| 11:44 | Scroll of Town Portal |
| 12:31 | Steel Armor |
| 12:35 | Beastiary |
| 12:55 | Scroll of Town Portal |
| 13:08 | Demolisher |
| 14:00 | Great Hall |
| 14:55 | Troll Batrider |
| 14:56 | Troll Batrider |
| 15:31 | Beastiary |
| 15:33 | Thorium Armor |
| 16:07 | Troll Batrider |
| 16:39 | Troll Batrider |
| 16:40 | Troll Batrider |
| 16:45 | War Stomp |
| 17:01 | Watch Tower |
| 17:03 | Peon |
| 17:03 | Peon |
| 17:16 | Troll Batrider |
| 17:28 | Watch Tower |
| 17:43 | Watch Tower |
| 17:47 | Watch Tower |
| 17:52 | Watch Tower |
| 18:39 | Fortress |
| 18:41 | Troll Batrider |
| 20:08 | Troll Batrider |
| 20:09 | Troll Batrider |
| 20:11 | Improved Spiked Barricades |
| 21:05 | Liquid Fire |
| 21:07 | Wind Rider |
| 21:21 | Spirit Lodge |
| 21:45 | Orb of Lightning |
| 22:12 | Wind Rider |
| 22:45 | Wind Rider |
| 23:00 | Troll Regeneration |
| 23:34 | Demolisher |
| 24:05 | Troll Headhunter |
| 24:06 | Troll Headhunter |
| 24:51 | Scroll of Town Portal |
| 24:57 | Troll Headhunter |
| 24:59 | Berserker Upgrade |
| 25:26 | Troll Batrider |
| 25:41 | Troll Berserker |
| 25:43 | Troll Berserker |
| 25:44 | Troll Berserker |
| 25:45 | Troll Berserker |
| 25:51 | Shaman Adept Training |
| 25:52 | Shaman |
| 26:04 | Troll Batrider |
| 26:06 | Troll Berserker |
| 26:17 | Orc Burrow |
| 26:24 | Healing Salve |
| 26:25 | Healing Salve |
| 26:25 | Healing Salve |
| 27:32 | Shaman Master Training |
| 29:35 | Shaman |
| 29:35 | Shaman |
| 29:36 | Shaman |
| 29:36 | Shaman |
| 29:37 | Troll Berserker |
| 30:12 | Healing Salve |
| 30:12 | Healing Salve |
| 30:13 | Lesser Clarity Potion |
| 30:38 | Troll Berserker |
| 30:44 | Shaman |
| 30:44 | Shaman |
| 31:58 | Troll Berserker |
| 31:58 | Troll Berserker |
| 32:01 | Healing Salve |
| 32:11 | Shaman |
| 32:14 | Troll Batrider |
| 32:36 | Arcanite Armor |
| 33:19 | Troll Berserker |
| 34:06 | Shaman |
| 34:06 | Shaman |
| 34:09 | Troll Berserker |
| 34:47 | Endurance Aura |
| 34:55 | Shaman |
| 34:57 | Troll Berserker |
| 35:46 | Shaman |
| 35:46 | Shaman |
| 36:37 | Great Hall |
| 37:31 | Shaman |
| 39:23 | Troll Berserker |
| 39:25 | Shaman |
| 39:25 | Shaman |
| 39:49 | Troll Berserker |
| 40:13 | Great Hall |
| 40:30 | Shaman |
| 40:32 | Troll Berserker |
| 40:41 | Tiny Great Hall |
| 43:01 | Watch Tower |
| 43:04 | Watch Tower |
| 43:08 | Watch Tower |
| 43:43 | Scroll of Town Portal |
| 44:45 | Watch Tower |
| 44:52 | Troll Berserker |
| 45:08 | Reincarnation |
| Right click | 1726 |
| Select | 1095 |
| Select group | 527 |
| Build/train/purchase | 216 |
| Misc. action | 203 |
| Use ability | 86 |
| Assign group | 53 |
| Item give/drop | 6 |
| Esc | 5 |
| Chat | 5 |
| Minimap ping | 3 |
117 units @ 9.2k
/ 0.6k
177 buildings @ 25.5k
/ 9.3k



x1)
| Scroll of Regeneration | 2 | 200 |
| Lesser Clarity Potion | 3 | 210 |
| Staff of Sanctuary | 2 | 500 |
| Orb of Fire | 1 | 325 |
| Scroll of Town Portal | 5 | 1750 |
| Periapt of Vitality | 3 | 975 |
| Circlet of Nobility | 5 | 875 |
| Boots of Speed | 2 | 500 |
| Tome of Retraining | 1 | 300 |
| Orb of Venom | 1 | 325 |
| Staff of Preservation | 1 | 150 |
| total: | 26 | 6110g |
| Peasant | 29 | 2175 | / | 0 |
| Footman | 6 | 810 | / | 0 |
| Flying Machine | 16 | 1600 | / | 480 |
| total: | 51 | 4585g | / | 480w |
| Scout Tower | 38 | 1140 | / | 760 |
| Arcane Tower | 1 | 70 | / | 50 |
| Guard Tower | 26 | 1820 | / | 1300 |
| Altar of Kings | 1 | 180 | / | 50 |
| Barracks | 1 | 160 | / | 60 |
| Farm | 9 | 720 | / | 180 |
| Lumber Mill | 1 | 120 | / | 0 |
| Arcane Vault | 2 | 260 | / | 60 |
| Town Hall | 5 | 1925 | / | 1025 |
| Blacksmith | 2 | 280 | / | 120 |
| Cannon Tower | 1 | 120 | / | 100 |
| Gryphon Aviary | 2 | 280 | / | 300 |
| Workshop | 5 | 700 | / | 700 |
| Keep | 2 | 640 | / | 420 |
| Castle | 2 | 720 | / | 420 |
| total: | 66 | 5765g | / | 3255w |
| 0:03 | Peasant |
| 0:03 | Peasant |
| 0:05 | Altar of Kings |
| 0:20 | Barracks |
| 0:25 | Peasant |
| 0:34 | Farm |
| 0:38 | Peasant |
| 0:38 | Peasant |
| 0:44 | Peasant |
| 0:48 | Peasant |
| 0:48 | Peasant |
| 1:04 | Farm |
| 1:06 | Peasant |
| 1:06 | Peasant |
| 1:20 | Footman |
| 1:32 | Lumber Mill |
| 1:46 | Footman |
| 1:57 | Peasant |
| 2:10 | Summon Water Elemental |
| 2:11 | Footman |
| 2:18 | Scout Tower |
| 2:21 | Farm |
| 2:42 | Improved Masonry |
| 2:42 | Advanced Masonry |
| 2:49 | Arcane Tower |
| 2:49 | Peasant |
| 2:51 | Farm |
| 3:09 | Footman |
| 3:17 | Peasant |
| 3:45 | Peasant |
| 3:45 | Footman |
| 4:08 | Brilliance Aura |
| 4:11 | Footman |
| 4:13 | Scout Tower |
| 4:16 | Arcane Vault |
| 4:26 | Peasant |
| 4:27 | Peasant |
| 4:43 | Guard Tower |
| 5:18 | Summon Water Elemental |
| 5:20 | Town Hall |
| 5:22 | Scout Tower |
| 5:22 | Scout Tower |
| 5:24 | Scout Tower |
| 5:26 | Scout Tower |
| 5:30 | Peasant |
| 5:30 | Peasant |
| 5:34 | Scroll of Regeneration |
| 5:45 | Lesser Clarity Potion |
| 5:49 | Scroll of Regeneration |
| 5:59 | Defend |
| 6:11 | Guard Tower |
| 6:59 | Keep |
| 7:21 | Guard Tower |
| 7:37 | Peasant |
| 7:37 | Peasant |
| 7:38 | Scout Tower |
| 7:40 | Scout Tower |
| 7:49 | Scout Tower |
| 7:50 | Scout Tower |
| 8:09 | Guard Tower |
| 8:23 | Periapt of Vitality |
| 8:23 | Circlet of Nobility |
| 8:29 | Guard Tower |
| 9:21 | Castle |
| 9:32 | Blacksmith |
| 9:46 | Improved Lumber Harvesting |
| 10:00 | Imbued Masonry |
| 10:03 | Scout Tower |
| 10:27 | Blacksmith |
| 10:29 | Scout Tower |
| 10:59 | Gryphon Aviary |
| 11:12 | Guard Tower |
| 11:21 | Storm Bolt |
| 11:23 | Periapt of Vitality |
| 11:24 | Boots of Speed |
| 11:29 | Circlet of Nobility |
| 11:53 | Tome of Retraining |
| 11:53 | Retrain Hero |
| 11:58 | Advanced Lumber Harvesting |
| 12:05 | Gryphon Aviary |
| 12:09 | Guard Tower |
| 12:16 | Periapt of Vitality |
| 12:19 | Boots of Speed |
| 12:26 | Blizzard |
| 12:26 | Brilliance Aura |
| 12:36 | Iron Forged Swords |
| 12:36 | Steel Forged Swords |
| 12:36 | Studded Leather Armor |
| 12:41 | Staff of Sanctuary |
| 12:42 | Orb of Fire |
| 12:49 | Scout Tower |
| 12:50 | Peasant |
| 12:51 | Peasant |
| 12:51 | Peasant |
| 12:53 | Holy Light |
| 13:18 | Thunder Clap |
| 13:51 | Lesser Clarity Potion |
| 13:51 | Lesser Clarity Potion |
| 14:20 | Scroll of Town Portal |
| 15:27 | Arcane Vault |
| 15:48 | Peasant |
| 15:48 | Peasant |
| 15:48 | Peasant |
| 15:49 | Peasant |
| 16:26 | Scroll of Town Portal |
| 16:27 | Circlet of Nobility |
| 17:06 | Guard Tower |
| 17:08 | Scout Tower |
| 17:09 | Scout Tower |
| 17:09 | Scout Tower |
| 17:10 | Scout Tower |
| 17:10 | Scout Tower |
| 17:10 | Scout Tower |
| 17:12 | Peasant |
| 17:12 | Peasant |
| 17:19 | Brilliance Aura |
| 17:22 | Divine Shield |
| 17:44 | Circlet of Nobility |
| 18:18 | Workshop |
| 18:18 | Workshop |
| 18:19 | Workshop |
| 18:19 | Workshop |
| 18:20 | Workshop |
| 19:33 | Flak Cannons |
| 19:48 | Scout Tower |
| 19:48 | Scout Tower |
| 19:48 | Scout Tower |
| 19:49 | Scout Tower |
| 19:49 | Scout Tower |
| 20:02 | Staff of Sanctuary |
| 20:19 | Flying Machine |
| 20:58 | Flying Machine |
| 21:02 | Guard Tower |
| 21:04 | Scout Tower |
| 21:04 | Scout Tower |
| 21:05 | Scout Tower |
| 21:12 | Scout Tower |
| 21:12 | Scout Tower |
| 21:35 | Orb of Venom |
| 21:47 | Staff of Preservation |
| 21:52 | Farm |
| 21:53 | Farm |
| 21:58 | Town Hall |
| 21:59 | Scout Tower |
| 21:59 | Scout Tower |
| 22:31 | Farm |
| 22:32 | Farm |
| 22:43 | Flying Machine |
| 22:43 | Flying Machine |
| 22:43 | Flying Machine |
| 22:49 | Scout Tower |
| 22:50 | Scout Tower |
| 23:02 | Black Gunpowder |
| 23:02 | Iron Plating |
| 23:17 | Guard Tower |
| 23:19 | Town Hall |
| 23:29 | Flying Machine |
| 23:29 | Flying Machine |
| 23:29 | Flying Machine |
| 23:37 | Farm |
| 23:42 | Scout Tower |
| 24:25 | Storm Bolt |
| 25:10 | Guard Tower |
| 25:25 | Cannon Tower |
| 25:45 | Scout Tower |
| 26:10 | Holy Light |
| 26:16 | Circlet of Nobility |
| 26:39 | Steel Plating |
| 26:39 | Refined Gunpowder |
| 27:03 | Scout Tower |
| 27:04 | Scout Tower |
| 27:22 | Flying Machine |
| 27:22 | Flying Machine |
| 27:22 | Flying Machine |
| 27:22 | Flying Machine |
| 27:23 | Flying Machine |
| 27:23 | Flying Machine |
| 27:23 | Flying Machine |
| 27:23 | Flying Machine |
| 27:28 | Scout Tower |
| 27:29 | Guard Tower |
| 27:39 | Scroll of Town Portal |
| 27:50 | Guard Tower |
| 29:32 | Town Hall |
| 30:28 | Thunder Clap |
| 32:11 | Town Hall |
| 35:15 | Brilliance Aura |
| 35:20 | Divine Shield |
| 36:45 | Scroll of Town Portal |
| 39:31 | Flying Machine Bombs |
| 42:22 | Scroll of Town Portal |
| 45:44 | Holy Light |
| 45:59 | Storm Bolt |
| Right click | 3361 |
| Select group | 1616 |
| Select | 820 |
| Chat | 597 |
| Build/train/purchase | 326 |
| Use ability | 217 |
| Assign group | 63 |
| Misc. action | 25 |
| Esc | 20 |
| Item give/drop | 13 |
| Minimap ping | 12 |
NICKTHEBOT
(11)
(46:02) : 

| Lesser Clarity Potion | 1 | 70 |
| Moonstone | 1 | 50 |
| Potion of Healing | 2 | 300 |
| Orb of Venom | 1 | 325 |
| Anti-magic Potion | 6 | 600 |
| Scroll of Healing | 1 | 250 |
| Scroll of Town Portal | 3 | 1050 |
| Boots of Speed | 2 | 500 |
| Circlet of Nobility | 6 | 1050 |
| Potion of Invisibility | 4 | 400 |
| Potion of Lesser Invulnerability | 8 | 1200 |
| Staff of Teleportation | 2 | 300 |
| total: | 37 | 6095g |
| Wisp | 57 | 3420 | / | 0 |
| Archer | 9 | 1170 | / | 90 |
| total: | 66 | 4590g | / | 90w |
| Ancient Protector | 16 | 2160 | / | 1280 |
| Altar of Elders | 1 | 180 | / | 50 |
| Moon Well | 81 | 14580 | / | 3240 |
| Ancient of War | 2 | 300 | / | 120 |
| Hunter's Hall | 1 | 210 | / | 100 |
| Tree of Life | 5 | 1700 | / | 925 |
| Ancient of Wonders | 3 | 270 | / | 90 |
| Ancient of Wind | 2 | 300 | / | 280 |
| Tree of Ages | 1 | 320 | / | 180 |
| Tree of Eternity | 1 | 330 | / | 200 |
| total: | 111 | 19700g | / | 6085w |
| 0:01 | Altar of Elders |
| 0:03 | Wisp |
| 0:03 | Wisp |
| 0:18 | Moon Well |
| 0:31 | Ancient of War |
| 0:34 | Wisp |
| 0:34 | Wisp |
| 0:39 | Wisp |
| 0:39 | Wisp |
| 0:47 | Wisp |
| 0:48 | Wisp |
| 1:02 | Wisp |
| 1:16 | Wisp |
| 1:17 | Wisp |
| 1:22 | Wisp |
| 1:33 | Archer |
| 1:43 | Moon Well |
| 2:16 | Ancient of War |
| 2:30 | Shadow Strike |
| 2:37 | Archer |
| 2:38 | Archer |
| 2:39 | Wisp |
| 2:47 | Moon Well |
| 3:16 | Wisp |
| 3:16 | Wisp |
| 3:52 | Archer |
| 3:52 | Archer |
| 4:05 | Archer |
| 4:21 | Archer |
| 4:22 | Hunter's Hall |
| 4:41 | Tree of Life |
| 4:58 | Ancient of Wonders |
| 5:36 | Shadow Strike |
| 5:44 | Boots of Speed |
| 5:45 | Circlet of Nobility |
| 5:49 | Archer |
| 5:50 | Ancient Protector |
| 6:45 | Ancient of Wonders |
| 6:49 | Wisp |
| 6:49 | Wisp |
| 6:49 | Wisp |
| 6:53 | Moon Well |
| 7:11 | Moon Well |
| 7:18 | Wisp |
| 7:18 | Wisp |
| 7:18 | Wisp |
| 7:18 | Wisp |
| 7:18 | Wisp |
| 7:27 | Ancient Protector |
| 7:30 | Ancient Protector |
| 7:36 | Blink |
| 7:36 | Blink |
| 7:47 | Scroll of Healing |
| 7:47 | Potion of Invisibility |
| 7:58 | Archer |
| 8:37 | Wisp |
| 8:44 | Tree of Life |
| 8:46 | Wisp |
| 8:46 | Wisp |
| 8:46 | Wisp |
| 9:01 | Tree of Ages |
| 9:02 | Moon Well |
| 9:06 | Lesser Clarity Potion |
| 9:08 | Moonstone |
| 9:20 | Moon Well |
| 9:20 | Moon Well |
| 10:16 | Moon Well |
| 10:18 | Shadow Strike |
| 10:23 | Moon Well |
| 10:23 | Moon Well |
| 10:42 | Ancient Protector |
| 10:46 | Scroll of Town Portal |
| 10:46 | Circlet of Nobility |
| 11:17 | Potion of Invisibility |
| 11:21 | Potion of Lesser Invulnerability |
| 11:33 | Wisp |
| 11:33 | Wisp |
| 11:36 | Moon Well |
| 11:36 | Moon Well |
| 11:37 | Moon Well |
| 12:04 | Tree of Eternity |
| 12:05 | Moon Well |
| 12:07 | Moon Well |
| 12:10 | Potion of Healing |
| 12:12 | Potion of Healing |
| 12:54 | Moon Well |
| 12:55 | Moon Well |
| 12:55 | Moon Well |
| 12:58 | Wisp |
| 12:58 | Wisp |
| 12:58 | Wisp |
| 12:59 | Moon Well |
| 13:00 | Moon Well |
| 13:00 | Moon Well |
| 13:01 | Moon Well |
| 13:07 | Potion of Invisibility |
| 13:08 | Potion of Lesser Invulnerability |
| 13:12 | Moon Well |
| 13:16 | Ancient Protector |
| 13:19 | Ancient Protector |
| 13:31 | Moon Well |
| 13:33 | Moon Well |
| 13:45 | Wisp |
| 13:45 | Wisp |
| 14:32 | Moon Well |
| 14:33 | Moon Well |
| 14:34 | Moon Well |
| 14:39 | Tree of Life |
| 14:49 | Wisp |
| 14:49 | Wisp |
| 14:49 | Wisp |
| 15:49 | Moon Well |
| 16:01 | Well Spring |
| 16:01 | Ultravision |
| 16:06 | Moon Well |
| 16:06 | Moon Well |
| 16:35 | Ancient Protector |
| 16:37 | Moon Well |
| 16:38 | Moon Well |
| 16:42 | Moon Well |
| 16:43 | Moon Well |
| 16:46 | Ancient Protector |
| 16:50 | Wisp |
| 16:50 | Wisp |
| 16:50 | Wisp |
| 16:51 | Wisp |
| 16:51 | Wisp |
| 16:51 | Wisp |
| 16:51 | Wisp |
| 16:54 | Wisp |
| 16:54 | Wisp |
| 16:54 | Wisp |
| 16:54 | Wisp |
| 16:55 | Wisp |
| 17:04 | Moon Well |
| 17:07 | Wisp |
| 17:07 | Wisp |
| 17:31 | Orb of Venom |
| 17:35 | Wisp |
| 17:55 | Moon Well |
| 17:55 | Moon Well |
| 18:01 | Anti-magic Potion |
| 18:34 | Moon Well |
| 18:53 | Blink |
| 19:29 | Moon Well |
| 19:31 | Moon Well |
| 19:31 | Moon Well |
| 19:38 | Wisp |
| 19:41 | Moon Well |
| 19:41 | Moon Well |
| 19:52 | Potion of Lesser Invulnerability |
| 19:52 | Potion of Invisibility |
| 19:55 | Staff of Teleportation |
| 20:01 | Moon Well |
| 20:01 | Moon Well |
| 20:04 | Ancient Protector |
| 20:08 | Ancient Protector |
| 20:09 | Nature's Blessing |
| 20:15 | Moon Well |
| 20:16 | Moon Well |
| 20:29 | Ancient Protector |
| 20:40 | Ancient Protector |
| 20:42 | Ancient Protector |
| 20:44 | Ancient Protector |
| 21:02 | Wisp |
| 21:02 | Wisp |
| 21:10 | Moon Well |
| 21:10 | Moon Well |
| 21:11 | Moon Well |
| 21:17 | Moon Well |
| 21:17 | Moon Well |
| 22:31 | Scroll of Town Portal |
| 22:43 | Anti-magic Potion |
| 23:14 | Anti-magic Potion |
| 23:34 | Fan of Knives |
| 24:24 | Fan of Knives |
| 24:54 | Tree of Life |
| 25:13 | Moon Well |
| 25:13 | Moon Well |
| 25:13 | Moon Well |
| 25:19 | Moon Well |
| 25:21 | Moon Well |
| 25:21 | Moon Well |
| 25:32 | Ancient Protector |
| 25:45 | Potion of Lesser Invulnerability |
| 26:30 | Moon Well |
| 26:37 | Moon Well |
| 26:37 | Moon Well |
| 26:38 | Moon Well |
| 27:28 | Moon Well |
| 27:28 | Moon Well |
| 27:39 | Ancient Protector |
| 27:52 | Ancient of Wind |
| 27:55 | Anti-magic Potion |
| 28:07 | Ancient of Wind |
| 28:28 | Ancient of Wonders |
| 29:25 | Moon Well |
| 29:26 | Moon Well |
| 29:42 | Scroll of Town Portal |
| 30:06 | Fan of Knives |
| 30:44 | Wisp |
| 30:44 | Wisp |
| 32:11 | Moon Well |
| 32:11 | Moon Well |
| 32:21 | Moon Well |
| 32:21 | Moon Well |
| 32:41 | Moon Well |
| 32:42 | Moon Well |
| 32:48 | Boots of Speed |
| 32:51 | Circlet of Nobility |
| 32:55 | Staff of Teleportation |
| 33:08 | Breath of Fire |
| 33:14 | Anti-magic Potion |
| 34:10 | Potion of Lesser Invulnerability |
| 34:20 | Moon Well |
| 34:24 | Moon Well |
| 34:25 | Moon Well |
| 35:16 | Spirit of Vengeance |
| 36:08 | Circlet of Nobility |
| 37:33 | Drunken Brawler |
| 38:49 | Tree of Life |
| 39:22 | Potion of Lesser Invulnerability |
| 40:54 | Circlet of Nobility |
| 41:26 | Circlet of Nobility |
| 41:34 | Moon Well |
| 41:35 | Moon Well |
| 41:36 | Moon Well |
| 41:36 | Moon Well |
| 44:04 | Breath of Fire |
| 44:43 | Anti-magic Potion |
| 44:52 | Potion of Lesser Invulnerability |
| 44:52 | Potion of Lesser Invulnerability |
| Right click | 4431 |
| Select group | 831 |
| Select | 746 |
| Use ability | 362 |
| Chat | 326 |
| Build/train/purchase | 279 |
| Resource trade | 49 |
| Assign group | 29 |
| Misc. action | 29 |
| Esc | 15 |
| Item give/drop | 13 |
| Minimap ping | 1 |